 Dungeon Crawl Stone Soup version 0.28-a0-1616-g050a50673c (webtiles) character file.

Game seed: 7182142641746141743

654 ragingrage the Skirmisher (level 7, -5/44 HPs)
             Began as a Gargoyle Artificer on Jan 22, 2022.
             Slain by an ogre (18 damage)
             ... on level 5 of the Dungeon.
             The game lasted 00:10:16 (4256 turns).

ragingrage the Skirmisher (Gargoyle Artificer)      Turns: 4256, Time: 00:10:17

Health: -5/44      AC:  8    Str: 17    XL:     7   Next: 54%
Magic:  7/7        EV: 11    Int: 12    God:
Gold:   63         SH:  5    Dex: 10    Spells: 6/6 levels left

rFire   . . .      SeeInvis .   b - +2 short sword (venom)
rCold   . . .      Faith    .   (no shield)
rNeg    + + .      Spirit   .   f - +0 leather armour
rPois   ∞          Reflect  +   (no helmet)
rElec   +          Harm     .   (no cloak)
rCorr   .          Rampage  .   (no gloves)
Will    .....                   (no boots)
Stlth   +.........              p - amulet of reflection
HPRegen 0.14/turn               t - ring of positive energy
MPRegen 0.10/turn               (no ring)

@: no status effects
A: sickness immunity, AC +4, negative energy resistance 1, electricity
resistance, torment resistance 1, petrification resistance
a: no special abilities


You were on level 5 of the Dungeon.
You visited 1 branch of the dungeon, and saw 5 of its levels.

You collected 195 gold pieces.
You spent 132 gold pieces at shops.

Inventory:

Hand Weapons
 a - a +1 hand axe of draining
 b - a +2 short sword of venom (weapon)
Missiles
 q - 2 javelins
Armour
 f - a +0 leather armour (worn)
Jewellery
 p - an amulet of reflection (around neck)
 t - a ring of positive energy (left hand)
 v - a ring of protection from cold
Wands
 c - a wand of flame (6) (quivered)
 d - a wand of charming (11)
Scrolls
 h - a scroll of teleportation {unknown}
 i - a scroll of torment {unknown}
 k - a scroll of noise {unknown}
 l - a scroll of fear {unknown}
 m - a scroll of fog {unknown}
 o - 2 scrolls of magic mapping {unknown}
 r - a scroll of identify {unknown}
 w - a scroll of vulnerability {unknown}
Potions
 g - a potion of degeneration {unknown}
 j - 2 potions of curing {unknown}
 n - 2 potions of heal wounds {unknown}
 s - a potion of mutation {unknown}
 u - 3 potions of lignification {unknown}
 x - a potion of brilliance {unknown}
 z - 2 potions of haste {unknown}
Miscellaneous
 e - a piece from Xom's chessboard (15/15)


   Skills:
 + Level 5.3 Fighting
 + Level 3.2 Axes
 - Level 2.1 Armour
 - Level 0.7 Dodging
 - Level 1.1 Stealth
 + Level 5.2 Evocations


You had 6 spell levels left.
You didn't know any spells.
Your spell library contained the following spells:

 Spells                   Type           Power      Damage    Failure   Level
 Foxfire                  Conj/Fire      0%         2x1d4     36%         1
 Conjure Flame            Conj/Fire      0%         6-21      75%         3
 Inner Flame              Hex/Fire       0%         N/A       75%         3
 Cause Fear               Hex            0%         N/A       98%         4
 Flame Wave               Conj/Fire      0%         2d4       98%         4
 Discord                  Hex            0%         N/A       100%        8


Dungeon Overview and Level Annotations

Branches:
Dungeon (5/15)
 Temple: D:4-7

Altars:
Makhleb

Shops:
D:3 (   D:4 =

Annotations:
D:2 1 runed translucent door, Crazy Yiuf
D:3 1 runed translucent door, exclusion: 2 downstairs, soggyman666's ghost, amateur DjWz
D:4 exclusion: upstairs, Pikel


Innate Abilities, Weirdness & Mutations

You are immune to sickness and miasma.
Your stone body is resilient. (AC +4)
You are immune to poison.
You resist negative energy. (rN+)
You are resistant to electric shocks. (rElec)
You are resistant to unholy torment.
You are immune to petrification.


Message History

You puncture the ogre!
The ogre is poisoned.
The ogre is moderately wounded.
The ogre hits you with a +0 giant club!
You hit the ogre.
The ogre is heavily wounded.
There is a stone staircase leading up here.
You hit the ogre.
The ogre looks as sick as possible!
The ogre is severely wounded.
The ogre barely misses you.
You hit the ogre.
You kill the ogre!
You see here a +0 giant club.
You start resting.
HP restored.
There is a stone staircase leading up here.
z - 2 cyan potions An ogre comes into view.
It is wielding a +0 giant spiked club.
An ogre is nearby!
An ogre is nearby!
The ogre shouts!
You hit the ogre.
The ogre is lightly wounded.
The ogre closely misses you.
You barely miss the ogre.
The ogre is lightly wounded.
The ogre hits you with a +0 giant spiked club!!
Ouch! That really hurt!
You hit the ogre but do no damage.
The ogre is lightly wounded.
The ogre hits you with a +0 giant spiked club!
* * * LOW HITPOINT WARNING * * *
You barely miss the ogre.
The ogre is lightly wounded.
You hit the ogre.
The ogre is moderately wounded.
The ogre closely misses you.
You hit the ogre.
The ogre is poisoned.
The ogre is moderately wounded.
The ogre hits you with a +0 giant spiked club!!
You die...

#.. ... #.. # #.# #.# #
.. #.# #.. .#..# #.#
#.##... #.# #.... ##.
#.# #..##.... #
##.#######........ #.##.
##...@O........####
......###<....########.#
#....).....# #
########.### #.# #.# #+#


You could see an ogre (very poisoned).

Vanquished Creatures
  3 ogres
  A lemure (D:3)
  A scorpion (D:4)
  2 hounds (D:4)
  A gnoll shaman (D:4)
  An orc priest (D:3)
  An orc wizard (D:4)
  4 gnolls
  4 adders
  2 worms
  10 orcs
  7 endoplasms
  3 giant cockroaches
  4 hobgoblins
  3 jackals (D:1)
  4 quokkas
  8 ball pythons
  6 bats
  6 goblins
  8 kobolds
  6 rats
85 creatures vanquished.

Vanquished Creatures (collateral kills)
  4 gnolls (D:4)
  A dart slug (D:4)
5 creatures vanquished.

Vanquished Creatures (others)
  A lemure (D:3)
  A gnoll shaman (D:4)
  A gnoll (D:4)
3 creatures vanquished.

Grand Total: 93 creatures vanquished

Notes
Turn   | Place    | Note
-------+----------+-------------------------------------------
     0 | D:1      | ragingrage the Gargoyle Artificer began the quest for the
                  | Orb.
     0 | D:1      | Reached XP level 1. HP: 12/12 MP: 1/1
    29 | D:1      | Found a faded altar of an unknown god.
   346 | D:1      | Reached XP level 2. HP: 17/17 MP: 2/2
   826 | D:2      | Reached XP level 3. HP: 16/21 MP: 3/3
  1248 | D:2      | Found a runed translucent door.
  1249 | D:2      | Noticed Crazy Yiuf
  1342 | D:2      | Found a burning altar of Makhleb.
  1750 | D:3      | Reached XP level 4. HP: 27/27 MP: 4/4
  2208 | D:3      | Found a runed translucent door.
  2214 | D:3      | Noticed soggyman666's ghost (amateur DjWz)
  2231 | D:3      | Found Ceoxej's Antique Weapon Shop.
  2238 | D:3      | Bought a runed hand axe for 132 gold pieces
  2283 | D:3      | Reached XP level 5. HP: 32/32 MP: 5/5
  2673 | D:3      | Reached skill level 1 in Axes
  2852 | D:4      | Found Xiethok's Jewellery Emporium.
  2864 | D:4      | Noticed a lemure
  2865 | D:4      | Noticed a lemure
  2865 | D:4      | Noticed Pikel
  3165 | D:4      | Noticed a lemure
  3165 | D:4      | Noticed a lemure
  3185 | D:3      | Killed a lemure
  3324 | D:4      | Noticed an ogre
  3401 | D:4      | Killed an ogre
  3402 | D:4      | Reached XP level 6. HP: 38/38 MP: 6/6
  3845 | D:4      | Reached XP level 7. HP: 36/44 MP: 7/7
  3932 | D:4      | Reached skill level 5 in Fighting
  3932 | D:4      | Reached skill level 5 in Evocations
  4162 | D:5      | Entered Level 5 of the Dungeon
  4256 | D:5      | Slain by an ogre

Illustrated notes

Levels and vault maps discovered:
D:1:      sevenhm_arrival_forest_fort_small_4, layout_rooms,
          hellmonk_ecumenical_altar_run_dry, chequers_serial_rivers_micro_e
D:2:      layout_loops_ring, basic_altar, minmay_misc_feat_pillars,
          nicolae_concentric_dashed_squares_wild,
          chequers_serial_rivers_micro_a, minmay_heptomino_o4,
          uniq_crazy_yiuf_cottage
D:3:      layout_loops_ring, serial_shops, nicolae_shop_stone,
          ebering_ghost_sewer_d, minmay_diced_spiral
D:4:      layout_loops_ring, serial_shops, nicolae_shop_hallway_stairs,
          uniq_blork_the_orc, uniq_pikel
D:5:      layout_loops_corners, lightli_temple_of_fire,
          minmay_temple_entry_ruins, gammafunk_ghost_icy, serial_shops,
          shop_statue, uniq_duvessa

Skill      XL: |  1  2  3  4  5  6  7 |
---------------+----------------------+-----
Evocations     | 3 4 5 |  5.2
Fighting       | 2 3 4 5 |  5.3
Axes           | 2 3 |  3.2
Armour         | |  2.1
Dodging        | |  0.7
Stealth        | |  1.1

Action                   |  1- 3 |  4- 6 |  7- 9 || total
-------------------------+-------+-------+-------++-------
Melee: Short sword       |    96 |   131 |    22 ||   249
       Club              |     8 |       |       ||     8
       Punch             |       |     1 |       ||     1
Evoke: Wand              |     2 |    10 |     1 ||    13
 Stab: Sleeping          |     2 |       |       ||     2
       Betrayed ally     |       |       |     1 ||     1
Armor: Leather armour    |    31 |    57 |     2 ||    90
Dodge: Dodged            |    59 |    73 |     4 ||   136
Block: Other             |       |    23 |     2 ||    25

Table legend: (Time is in decaauts)
 A = Elapsed time spent in this place.
 B = Non-inter-level travel time spent in this place.
 C = Inter-level travel time spent in this place.
 D = Time resting spent in this place.
 E = Time spent auto-exploring this place.
 F = Levels seen in this place.
 G = Mean time per level.
                   A        B        C        D        E       F      G
               +--------+--------+--------+--------+--------+-----+--------+
         Total |   4292 |   4044 |    248 |    695 |   2517 |   5 |  858.4 |
       Dungeon |   4292 |   4044 |    248 |    695 |   2517 |   5 |  858.4 |
               +--------+--------+--------+--------+--------+-----+--------+

Top non-repeatable levels by time:
     D:3: 1490 daAuts
     D:4: 1053 daAuts
     D:2: 964 daAuts
     D:1: 689 daAuts
     D:5: 94 daAuts
